Map: [ESL] Ancient Cistern

Players

ShaDoWn

  • Race: Protoss Protoss
  • Spawn Location: 1:00

SKillous - Winner!

  • Race: Protoss Protoss
  • Spawn Location: 7:00

Event: ESL SC2 Masters 2023 Summer (Finals)

VOD

Have the link to the VOD?

Description

Time

  • Played on: June 17, 2023, 6:17 a.m.
  • Length: 12:43

All games in this series

Show
View Real Time Build Order
Export as new Build Order

ShaDoWn Protoss 

Build Orders:  

Get SALT Encoding   

  12  0:00  Probe  
  13  0:12  Probe  
  14  0:17  Pylon  
  14  0:24  Probe  
  15  0:35  Gateway  
  15  0:36  Probe (Chrono Boost)  
  16  0:46  Probe (Chrono Boost), Assimilator  
  17  0:51  Probe (Chrono Boost)  
  17  0:54  Assimilator  
  18  1:03  Probe (Chrono Boost)  
  19  1:07  Gateway  
  19  1:12  Probe (Chrono Boost)  
  19  1:17  Probe (Chrono Boost)  
  20  1:23  Cybernetics Core  
  21  1:29  Probe  
  22  1:34  Pylon  
  22  1:41  Probe  
  23  1:59  Robotics Facility  
  23  2:01  Stalker, Warp Gate  
  27  2:10  Stalker  
  27  2:13  Probe  
  28  2:19  Pylon  
  28  2:31  Stalker  
  30  2:44  Immortal (Chrono Boost)  
  34  2:54  Stalker  
  36  2:59  Pylon  
  36  3:13  Warp Prism (Chrono Boost)  
  37  3:35  Gateway  
  37  3:42  Immortal  
  41  3:56  Probe  
  42  4:03  Sentry x2  
  46  4:12  Shield Battery  
  47  4:26  Stalker  
  47  4:27  Stalker  
  47  4:29  Probe  
  45  4:41  Probe  
  46  4:54  Nexus  
  46  5:01  Probe  
  46  5:04  Pylon  
  47  5:22  Probe  
  47  5:23  Twilight Council  
  48  5:34  Probe  
  49  5:40  Stalker x2  
  51  5:46  Probe  
  52  5:52  Pylon  
  52  5:58  Probe  
  53  6:06  Pylon  
  53  6:10  Probe x2  
  55  6:19  Stalker  
  55  6:22  Probe  
  58  6:28  Probe  
  59  6:34  Probe (Chrono Boost)  
  59  6:37  Shield Battery  
  59  6:38  Sentry  
  62  6:41  Probe (Chrono Boost)  
  62  6:46  Probe (Chrono Boost)  
  64  6:50  Observer  
  64  6:52  Probe (Chrono Boost)  
  66  6:55  Probe (Chrono Boost)  
  66  6:57  Probe (Chrono Boost)  
  66  7:01  Probe  
  68  7:05  Stalker  
  72  7:09  Stalker  
  72  7:10  Probe (Chrono Boost)  
  72  7:13  Probe (Chrono Boost)  
  75  7:17  Pylon  
  75  7:21  Assimilator  
  76  7:23  Probe (Chrono Boost)  
  76  7:24  Probe (Chrono Boost)  
  76  7:28  Probe (Chrono Boost)  
  74  7:31  Probe (Chrono Boost)  
  74  7:33  Observer  
  75  7:42  Blink (Chrono Boost)  
  75  7:43  Probe (Chrono Boost)  
  77  7:45  Probe (Chrono Boost)  
  77  7:50  Probe (Chrono Boost)  
  78  7:52  Probe (Chrono Boost)  
  78  7:58  Probe  
  78  8:00  Stalker x3  
  78  8:03  Probe  
  78  8:05  Pylon  
  85  8:10  Probe  
  84  8:27  Phoenix  
  84  8:30  Probe  
  84  8:32  Probe  
  82  8:34  Nexus, Stalker x3  
  82  8:38  Observer  
  89  8:42  Probe  
  89  8:44  Probe  
  89  8:45  Pylon  
  90  8:54  Probe  
  89  8:56  Probe  
  89  9:02  Stalker x2  
  94  9:03  Stalker  
  94  9:06  Probe  
  89  9:24  Probe  
  80  9:25  Stalker x2  
  80  9:26  Stalker  
  80  9:28  Probe  
  86  9:36  Probe  
  86  9:39  Forge  
  86  9:40  Probe  
  87  9:48  Probe  
  88  9:53  Probe  
  88  9:56  Stalker x3  
  88  9:58  Probe  
  95  10:02  Shield Battery, Protoss Ground Weapons Level 1 (Chrono Boost)  
  93  10:07  Probe  
  93  10:13  Observer  
  93  10:19  Probe  
  93  10:20  Probe (Chrono Boost)  
  93  10:24  Stalker x3  
  99  10:28  Probe (Chrono Boost)  
  99  10:33  Probe (Chrono Boost)  
  100  10:38  Probe (Chrono Boost)  
  100  10:41  Observer  
  100  10:42  Nexus, Probe (Chrono Boost)  
  101  10:43  Pylon  
  101  10:47  Probe x2  
  103  10:54  Probe  
  104  11:02  Charge  
  104  11:03  Stalker x3  
  107  11:04  Probe  
  107  11:05  Assimilator  
  107  11:06  Observer (Chrono Boost)  
  109  11:12  Gateway  
  109  11:14  Gateway  
  109  11:17  Gateway  
  109  11:23  Gateway  
  109  11:25  Gateway  
  109  11:27  Stalker x2  
  109  11:29  Stalker  
  115  11:34  Shield Battery  
  111  11:52  Stalker  
  111  11:53  Stalker x2  
  86  12:04  Probe  
  86  12:05  Probe  
  86  12:08  Stalker  
  64  12:14  Stalker x2  
  64  12:15  Probe  
  67  12:16  Stalker x2  
  67  12:17  Zealot  
  67  12:21  Probe  
  72  12:25  Zealot x3  
  61  12:39  Stalker  
  61  12:40  Zealot x2  
Show
View Real Time Build Order
Export as new Build Order

SKillous Protoss - Winner!

Build Orders: Oracle Opening 

Get SALT Encoding   

  12  0:00  Probe  
  13  0:12  Probe  
  14  0:17  Pylon  
  14  0:24  Probe  
  15  0:35  Gateway  
  15  0:37  Probe (Chrono Boost)  
  16  0:46  Probe (Chrono Boost), Assimilator  
  17  0:51  Probe (Chrono Boost)  
  17  0:55  Assimilator  
  18  1:03  Probe (Chrono Boost)  
  19  1:08  Gateway  
  19  1:12  Probe (Chrono Boost)  
  19  1:17  Probe (Chrono Boost)  
  20  1:25  Cybernetics Core  
  21  1:29  Probe  
  22  1:35  Pylon  
  22  1:42  Probe  
  23  1:54  Probe  
  24  2:01  Stalker x2  
  24  2:02  Warp Gate  
  24  2:06  Probe  
  29  2:11  Pylon  
  29  2:34  Stalker x2  
  33  2:40  Stargate  
  33  3:04  Nexus  
  34  3:18  Probe  
  34  3:21  Shield Battery  
  34  3:24  Oracle (Chrono Boost)  
  36  3:29  Shield Battery  
  36  3:33  Pylon  
  33  3:37  Pylon  
  33  3:40  Robotics Facility  
  33  3:42  Probe  
  34  3:49  Sentry  
  34  3:50  Zealot  
  34  3:54  Probe  
  39  4:08  Probe  
  39  4:09  Pylon  
  40  4:13  Stalker  
  42  4:20  Phoenix  
  42  4:22  Pylon  
  44  4:34  Immortal (Chrono Boost)  
  48  4:43  Zealot  
  50  4:57  Probe  
  49  5:05  Immortal (Chrono Boost)  
  53  5:19  Sentry  
  53  5:21  Probe  
  56  5:23  Pylon  
  56  5:42  Phoenix, Warp Prism  
  60  5:48  Zealot  
  62  5:51  Probe  
  63  6:04  Pylon  
  63  6:07  Phoenix  
  65  6:24  Probe  
  66  6:28  Nexus  
  66  6:36  Sentry  
  70  6:40  Pylon  
  70  6:47  Probe  
  70  6:53  Observer  
  70  6:58  Gateway, Twilight Council  
  70  7:11  Probe  
  71  7:23  Probe  
  72  7:30  Blink (Chrono Boost)  
  71  7:39  Probe (Chrono Boost)  
  71  7:41  Probe (Chrono Boost)  
  71  7:43  Shield Battery  
  72  7:47  Stalker  
  72  7:50  Probe (Chrono Boost)  
  76  7:51  Probe (Chrono Boost)  
  76  7:55  Probe (Chrono Boost)  
  77  8:00  Probe  
  77  8:03  Stalker  
  77  8:05  Observer, Assimilator  
  81  8:07  Probe  
  81  8:12  Probe, Stalker  
  85  8:19  Probe  
  86  8:24  Probe  
  86  8:36  Probe  
  86  8:39  Stalker x2  
  90  8:43  Gateway  
  90  8:48  Gateway  
  90  8:55  Nexus  
  88  8:57  Pylon, Forge  
  88  9:02  Stalker x2  
  92  9:05  Probe  
  83  9:25  Gateway  
  83  9:26  Gateway, Observer  
  83  9:30  Stalker x2  
  85  9:34  Shield Battery  
  85  9:36  Probe, Pylon  
  85  9:38  Probe  
  87  9:46  Observer  
  87  9:48  Probe  
  87  9:50  Probe, Stalker  
  91  9:54  Protoss Ground Weapons Level 1 (Chrono Boost)  
  91  9:56  Stalker  
  91  9:58  Stalker  
  95  10:01  Probe  
  95  10:06  Probe  
  97  10:10  Sentry  
  97  10:13  Stalker  
  101  10:14  Probe  
  101  10:19  Probe x2  
  104  10:26  Probe  
  105  10:31  Probe  
  105  10:33  Stalker x3  
  112  10:39  Stalker  
  112  10:40  Stalker  
  116  10:43  Pylon  
  116  10:44  Observer (Chrono Boost)  
  116  10:46  Stalker  
  119  10:52  Assimilator  
  113  11:10  Stalker x6  
  125  11:15  Pylon  
  125  11:27  Pylon  
  125  11:33  Gateway  
  125  11:34  Stalker x4  
  125  11:36  Stalker  
  135  11:44  Gateway  
  135  11:51  Probe x2  
  131  12:00  Stalker x2  
  131  12:01  Stalker x3  
  129  12:04  Stalker  
  129  12:06  Probe x3  
  120  12:18  Probe  
  121  12:25  Pylon  
  121  12:29  Nexus  
Tags
 
Add a new tag
Caveats
  • Supply blocks, unpowered buildings, or Contaminate may cause inaccurate times.
  • Supply counts are checked every 10 seconds.